 Dungeon Crawl Stone Soup version 0.21.0-3-g78d12a8 (console) character file.

175 hilaritas the Poker (level 5, -5/41 HPs)
             Began as a Merfolk Skald on Jan 13, 2018.
             Slain by Grinder (8 damage)
             ... on level 3 of the Dungeon.
             The game lasted 00:08:39 (3625 turns).

hilaritas the Poker (Merfolk Skald)                 Turns: 3625, Time: 00:08:40

Health: -5/41      AC:  4    Str: 11    XL:     5   Next: 55%
Magic:  2/8        EV: 13    Int: 14    God:
Gold:   117        SH:  0    Dex: 13    Spells: 1/8 levels left

rFire    . . .     SeeInvis .   a - +0 spear
rCold    . . .     Gourm    .   (no shield)
rNeg     . . .     Faith    .   b - +0 leather armour
rPois    .         Spirit   .   j - +0 helmet
rElec    .         Reflect  .   (no cloak)
rCorr    .         Harm     .   (no gloves)
MR       .....                  (no boots)
Stlth    +.........             (no amulet)
HPRegen  0.13/turn              (no ring)
MPRegen  0.11/turn              (no ring)

@: infused (expiring)
A: change form in water, swift swim, stealthy swim
a: no special abilities


You were on level 3 of the Dungeon.
You were very hungry.

You visited 1 branch of the dungeon, and saw 3 of its levels.

You collected 117 gold pieces.

Inventory:

Hand Weapons
 a - a +0 spear (weapon)
Armour
 b - a +0 leather armour (worn)
 j - a +0 helmet (worn)
Wands
 i - a wand of random effects (33)
Potions
 e - a potion of invisibility {unknown}
 f - a potion of magic {unknown}
 g - 2 potions of curing
 h - 3 potions of heal wounds
Books
 c - a book of Battle

   Spells                             Type                      Level
   a - Infusion                       Charms                       1
   b - Shroud of Golubria             Charms/Translocation         2
   c - Song of Slaying                Charms                       2
   d - Spectral Weapon                Hexes/Charms                 3
   e - Regeneration                   Charms/Necromancy            3
Comestibles
 d - 2 rations


   Skills:
 * Level 3.0 Fighting
 + Level 5.8 Polearms
 - Level 0.6 Armour
 * Level 3.9 Dodging
 - Level 2.0 Spellcasting
 * Level 1.1 Hexes
 * Level 4.0 Charms


You had one spell level left.
You knew the following spells:

 Your Spells              Type           Power        Failure   Level  Hunger
a - Infusion              Chrm           ##..         6%          1    ##.....
b - Spectral Weapon       Hex/Chrm       #.......     32%         3    ####...
c - Regeneration          Chrm/Necr      #.........   38%         3    ####...


Dungeon Overview and Level Annotations

Branches:
Dungeon (3/15)

Altars:
Fedhas
Qazlal
Sif Muna
Trog

Annotations:
D:3 Grinder


Message History

Grinder is almost dead.
Your spectral weapon closely misses Grinder.
The hobgoblin hits you.
* * * LOW HITPOINT WARNING * * *
You barely miss Grinder.
Grinder is almost dead.
Your spectral weapon barely misses Grinder.
Grinder hits you but does no damage.
You closely miss Grinder.
Grinder is almost dead.
Your spectral weapon barely misses Grinder.
The hobgoblin hits you but does no damage.
Grinder barely misses you.
You closely miss Grinder.
Grinder is almost dead.
Your spectral weapon closely misses Grinder.
The hobgoblin hits you.
* * * LOW HITPOINT WARNING * * *
Grinder hits you!
You die...

.)......# ........#
........# ........##
g........# ..........
#.....#. #g#.### .#
#@#...## ##.#
######5(....##....
##.....###..... #..
##.......##...####.#
#.........##....##.#
#.........#..#..##.#
#...........##.....#
#.........#####.#..######
#.......).##>............
##...........###.#.######
#.........#### #.#..###


You could see Grinder, a hobgoblin and a friendly spectral spear.

Vanquished Creatures
  A howler monkey (D:2)
  Robin (D:2)
  3 adders
  2 oozes (D:3)
  A worm (D:2)
  3 dart slugs
  4 leopard geckos
  8 bats
  A giant cockroach (D:2)
  17 hobgoblins
  4 jackals
  5 kobolds
  A ball python (D:3)
  A frilled lizard (D:2)
  15 goblins
  7 rats
74 creatures vanquished.

Notes
Turn   | Place    | Note
-------+----------+-------------------------------------------
     0 | D:1      | hilaritas the Merfolk Skald began the quest for the Orb.
     0 | D:1      | Reached XP level 1. HP: 16/16 MP: 3/3
   235 | D:1      | Reached XP level 2. HP: 17/22 MP: 5/5
   945 | D:1      | Reached skill level 4 in Polearms
   964 | D:1      | Reached XP level 3. HP: 28/28 MP: 6/6
   969 | D:1      | Learned a level 3 spell: Spectral Weapon
  1450 | D:2      | Noticed Robin
  1466 | D:2      | Killed Robin
  1466 | D:2      | Reached XP level 4. HP: 18/34 MP: 7/7
  1620 | D:2      | Reached skill level 5 in Polearms
  2560 | D:2      | Learned a level 3 spell: Regeneration
  2843 | D:2      | Reached skill level 1 in Hexes
  2843 | D:2      | Reached XP level 5. HP: 9/40 MP: 3/8
  3311 | D:3      | Found a blossoming altar of Fedhas.
  3383 | D:3      | Found a stormy altar of Qazlal.
  3472 | D:3      | Found a bloodstained altar of Trog.
  3474 | D:3      | Found a deep blue altar of Sif Muna.
  3588 | D:3      | Noticed Grinder
  3607 | D:3      | Paralysed by Grinder for 4 turns
  3625 | D:3      | HP: 3/41 [hobgoblin (3)]
  3625 | D:3      | Slain by Grinder

Skill      XL: |  1  2  3  4  5 |
---------------+----------------+-----
Dodging        | 3 |  3.9
Polearms       | 4 5 |  5.8
Hexes          | 1 |  1.1
Fighting       | 3 |  3.0
Charms         | 4 |  4.0
Armour         | |  0.6
Spellcasting   | |  2.0

Action                   |  1- 3 |  4- 6 || total
-------------------------+-------+-------++-------
Melee: Spear             |   162 |   195 ||   357
 Cast: Infusion          |       |     3 ||     3
       Spectral Weapon   |       |     1 ||     1
  Use: Scroll            |     2 |     7 ||     9
 Stab: Sleeping          |       |     1 ||     1
  Eat: Chunk             |     2 |     6 ||     8
Armor: Leather armour    |    24 |    40 ||    64
Dodge: Dodged            |    73 |   101 ||   174
